 Dungeon Crawl Stone Soup version 0.25.1-2-g60ff931df9 (webtiles) character file.

Game seed: 7972679710130264727

163254 gruber the Sage (level 17, -19/132 HPs)
             Began as a Gnoll Ice Elementalist on Nov 26, 2020.
             Was a High Priest of Sif Muna.
             Demolished by an alligator (34 damage)
             ... led by an alligator
             ... called by a spriggan druid
             ... on level 4 of the Swamp on Nov 28, 2020.
             The game lasted 01:42:16 (50577 turns).

gruber the Sage (Gnoll Ice Elementalist)           Turns: 50577, Time: 01:42:17

Health: -19/132    AC: 13    Str: 14    XL:     17   Next: 83%
Magic:  4/33       EV: 19    Int: 32    God:    Sif Muna [*****.]
Gold:   2639       SH:  0    Dex: 18    Spells: 7/41 levels left

rFire    + + .     SeeInvis +   x - +7 great mace "Firestarter" {inner flame, rF++}
rCold    + . .     Gourm    .   (shield currently unavailable)
rNeg     . . .     Faith    .   P - +1 ring mail of the Lotus Blossom {rPois MR+ Dex+2}
rPois    +         Spirit   .   D - +0 helmet "Dumedgh" {rPois Str+3 Int+2 SInv}
rElec    .         Reflect  .   a - scarf {repulsion}
rCorr    .         Harm     .   r - +0 pair of gloves
MR       ++...                  M - +0 pair of boots
Stlth    +++++.....             S - amulet of the acrobat
HPRegen  0.32/turn              K - +6 ring of intelligence
MPRegen  0.23/turn              k - ring of protection from cold

@: about to teleport, repel missiles
A: distributed training, fangs 1, strong nose
a: Channel Magic, Forget Spell, Divine Exegesis, Renounce Religion


You were on level 4 of the Swamp.
You worshipped Sif Muna.
Sif Muna was extremely pleased with you.
You were not hungry.

You visited 6 branches of the dungeon, and saw 32 of its levels.
You also visited: Volcano.

You collected 3780 gold pieces.
You spent 1141 gold pieces at shops.

Inventory:

Hand Weapons
 x - the +7 great mace "Firestarter" (weapon) {inner flame, rF++}
   (You took it off a fire giant on level 13 of the Dungeon)

   It has been specially enchanted to burn those struck by it, causing extra
   injury to most foes and up to half again as much damage against particularly
   susceptible opponents.
   It greatly protects you from fire.
 J - a +1 demon blade of flaming
Missiles
 n - 19 curare-tipped darts (quivered)
Armour
 a - a scarf of repulsion (worn)
 r - a +0 pair of gloves (worn)
 D - the +0 helmet "Dumedgh" (worn) {rPois Str+3 Int+2 SInv}
   (You found it on level 1 of the Snake Pit)

   It affects your strength (+3).
   It affects your intelligence (+2).
   It protects you from poison.
   It lets you see invisible.
 M - a +0 pair of boots (worn)
 P - the +1 ring mail of the Lotus Blossom (worn) {rPois MR+ Dex+2}
   (You found it on level 13 of the Dungeon)

   It affects your dexterity (+2).
   It protects you from poison.
   It affects your resistance to hostile enchantments.
Jewellery
 k - a ring of protection from cold (right hand)
 m - an uncursed ring of positive energy
 E - an uncursed ring of protection from magic
 K - a +6 ring of intelligence (left hand)
 S - an amulet of the acrobat (around neck)
Wands
 e - a wand of paralysis (14)
 q - a wand of polymorph (8)
 y - a wand of digging (9)
 F - a wand of clouds (7)
 G - a wand of disintegration (4)
 W - a wand of acid (13)
Scrolls
 d - 20 scrolls of remove curse
 g - 5 scrolls of blinking {unknown}
 j - 2 scrolls of noise {unknown}
 l - 3 scrolls of fear {unknown}
 o - a scroll of identify
 p - 2 scrolls of random uselessness {unknown}
 t - 14 scrolls of teleportation
 w - 3 scrolls of enchant armour {unknown}
 B - 2 scrolls of enchant weapon {unknown}
 H - 8 scrolls of amnesia {unknown}
 L - 2 scrolls of fog {unknown}
 T - 4 scrolls of torment {unknown}
 U - 2 scrolls of brand weapon {unknown}
 X - a scroll of summoning {unknown}
 Y - a scroll of vulnerability {unknown}
 Z - 4 scrolls of magic mapping
Potions
 b - a potion of magic
 f - 14 potions of curing
 h - 3 potions of haste
 i - 2 potions of flight
 s - 9 potions of berserk rage
 u - 5 potions of heal wounds
 v - 4 potions of might
 z - 2 potions of invisibility
 A - 3 potions of resistance
 C - 4 potions of lignification
 O - 3 potions of cancellation
 R - 4 potions of stabbing
 V - 3 potions of brilliance
Miscellaneous
 I - a lightning rod (4/4)
 Q - a phial of floods
Comestibles
 c - 28 rations


   Skills:
 + Level 11.6 Fighting
 + Level 11.6 Short Blades
 + Level 11.6 Long Blades
 + Level 11.6 Axes
 + Level 11.6 Maces & Flails
 + Level 11.6 Polearms
 + Level 11.6 Staves
 + Level 11.6 Slings
 + Level 11.6 Bows
 + Level 11.6 Crossbows
 + Level 11.6 Throwing
 + Level 11.6 Armour
 + Level 12.3 Dodging
 + Level 12.2 Stealth
 + Level 11.6 Shields
 + Level 11.6 Unarmed Combat
 + Level 12.5 Spellcasting
 + Level 9.9 Conjurations
 + Level 9.9 Hexes
 + Level 9.9 Charms
 + Level 9.9 Summonings
 + Level 9.9 Necromancy
 + Level 9.9 Translocations
 + Level 9.9 Transmutations
 + Level 9.9 Fire Magic
 + Level 11.9 Ice Magic
 + Level 9.9 Air Magic
 + Level 9.9 Earth Magic
 + Level 9.9 Poison Magic
 + Level 12.5 Invocations
 + Level 11.6 Evocations


You had 7 spell levels left.
You knew the following spells:

 Your Spells              Type           Power        Failure   Level  Hunger
a - Freeze                Ice            ####         1%          1    None
b - Frozen Ramparts       Ice            ######       1%          3    None
c - Hailstorm             Conj/Ice       ######..     1%          4    None
d - Summon Ice Beast      Ice/Summ       ######..     1%          4    None
e - Mephitic Cloud        Conj/Pois/Air  ######..     1%          3    None
f - Ignite Poison         Fire/Tmut/Pois ######..     1%          3    None
g - Olgreb's Toxic Radia  Pois           ######..     1%          4    None
h - Blink                 Tloc           N/A          1%          2    None
i - Borgnjor's Vile Clut  Necr/Erth      ######....   1%          5    None
j - Bolt of Magma         Conj/Fire/Erth ######....   1%          5    None

Your spell library contained the following spells:

 Spells                   Type           Power        Failure   Level  Hunger
 Animate Skeleton         Necr           N/A          1%          1    None
 Apportation              Tloc           ######       1%          1    None
 Beastly Appendage        Tmut           ######       1%          1    None
 Corona                   Hex            ######.      1%          1    None
 Foxfire                  Conj/Fire      ####         1%          1    None
 Magic Dart               Conj           ####         1%          1    None
 Pain                     Necr           ####         1%          1    None
 Shock                    Conj/Air       ####         1%          1    None
 Sting                    Tmut/Pois      ####         1%          1    None
 Summon Small Mammal      Summ           ####         1%          1    None
 Call Imp                 Summ           ######..     1%          2    None
 Corpse Rot               Necr/Air       N/A          1%          2    None
 Slow                     Hex            ######..     1%          2    None
 Sticks to Snakes         Tmut           ######..     1%          2    None
 Conjure Flame            Conj/Fire      ######..     1%          3    None
 Ozocubu's Armour         Chrm/Ice       ######..     1%          3    None
 Recall                   Summ/Tloc      N/A          1%          3    None
 Spider Form              Tmut/Pois      ######....   1%          3    None
 Stone Arrow              Conj/Erth      ######       1%          3    None
 Summon Guardian Golem    Hex/Summ       ######..     1%          3    None
 Animate Dead             Necr           N/A          1%          4    None
 Ice Form                 Ice/Tmut       ######..     1%          4    None
 Leda's Liquefaction      Hex/Erth       ######....   1%          4    None
 Passage of Golubria      Tloc           N/A          1%          4    None
 Petrify                  Tmut/Erth      ######..     1%          4    None
 Agony                    Necr           ######..     1%          5    None
 Alistair's Intoxication  Tmut/Pois      ######..     1%          5    None
 Blade Hands              Tmut           ######....   1%          5    None
 Excruciating Wounds      Chrm/Necr      ######....   1%          5    None
 Fireball                 Conj/Fire      ######....   1%          5    None
 Metabolic Englaciation   Hex/Ice        ######....   1%          5    None
 Summon Demon             Summ           ######....   1%          5    None
 Summon Forest            Summ/Tloc      ######....   1%          5    None
 Summon Mana Viper        Hex/Summ       ######..     1%          5    None
 Yara's Violent Unravell  Hex/Tmut       ######....   1%          5    None
 Simulacrum               Ice/Necr       ######....   7%          6    ####...
 Freezing Cloud           Conj/Ice/Air   ######....   9%          6    ####...
 Death Channel            Necr           ######....   11%         6    ####...
 Dispersal                Tloc           ######....   11%         6    ####...
 Eringya's Noxious Bog    Tmut/Pois      ######....   11%         6    ####...
 Hydra Form               Tmut           ######....   11%         6    ####...
 Iron Shot                Conj/Erth      ######....   11%         6    ####...
 Shadow Creatures         Summ           N/A          11%         6    ####...
 Starburst                Conj/Fire      ######....   11%         6    ####...
 Statue Form              Tmut/Erth      ######...    11%         6    ####...
 Dragon Form              Tmut           ######....   52%         7    #####..
 Haunt                    Necr/Summ      ######....   52%         7    #####..
 Monstrous Menagerie      Summ           ######....   52%         7    #####..
 Ring of Flames           Chrm/Fire      ######....   52%         7    #####..
 Spellforged Servitor     Conj/Summ      ######....   52%         7    #####..
 Summon Hydra             Summ           ######....   52%         7    #####..
 Ignition                 Fire           ######....   99%         8    #######
 Infestation              Necr           ######....   99%         8    #######
 Summon Horrible Things   Summ           ######....   99%         8    #######
 Absolute Zero            Ice            #######...   100%        9    #######
 Shatter                  Erth           ######....   100%        9    #######


Dungeon Overview and Level Annotations

Branches:
Dungeon (15/15)            Temple (1/1) D:7            Lair (6/6) D:11
  Swamp (4/4) Lair:3        Snake (4/4) Lair:2        Slime (0/5) Lair:5
    Orc (2/2) D:9             Elf (0/3) Orc:2        Vaults (0/5) D:13
 Depths (0/5) D:15        Volcano (visited)

Altars:
Ashenzari
Cheibriados
Dithmenos
Elyvilon
Fedhas
Gozag
Hepliaklqana
Kikubaaqudgha
Makhleb
Nemelex Xobeh
Okawaru
Qazlal
Ru
Sif Muna
Trog
Uskayaw
Vehumet
Wu Jian
Xom
Yredelemnul
Zin
The Shining One
Beogh

Shops:
Orc:2 =*}[   Snake:3 }==

Portals:
Trove: D:12 (give +5 demon whip)

Annotations:
D:12 Maurice
Swamp:1 3 runed translucent doors, Frank's ghost, adept DsGl


Innate Abilities, Weirdness & Mutations

Your experience applies equally to all skills.
You have very sharp teeth.
Your uncanny sense of smell can sniff out nearby items.


Message History

The swamp worm looks even sicker.
The swamp worm fires a harpoon shot at you.
The harpoon shot misses you.
Unknown command.
You closely miss the alligator.
The alligator is almost dead.
The alligator bites you!!
* * * LOW HITPOINT WARNING * * *
The alligator misses you.
Unknown command.
Unknown command.
As you read the scroll of teleportation, it crumbles to dust.
You feel strangely unstable.
The swamp worm bites you but does no damage.
The alligator barely misses you. The alligator tail-slaps you!
* * * LOW HITPOINT WARNING * * *
The swamp dragon completely misses you. The swamp dragon claws you.
* * * LOW HITPOINT WARNING * * *
The swamp dragon barely misses you. The alligator bites you!!
You die...

≈.♣≈.≈≈....≈♣♣♣.≈.♣
≈..≈≈≈≈≈§.≈♣♣ ♣..♣♣♣
≈≈≈≈≈≈≈≈≈≈♣♣ ♣.≈..♣
≈≈≈≈≈≈≈≈≈.♣ ♣.≈≈♣♣
≈≈....≈≈≈♣♣♣♣♣♣°≈.≈♣
../.≈≈≈≈.♣ ♣....♣♣♣♣
.≈≈≈♣♣..♣♣ ♣....♣♣♣
♣♣..♣♣♣♣♣♣ ♣♣♣DDw.♣
♣♣♣♣ ♣≈♣♣♣♣†@≈♣♣♣♣
♣♣♣♣..♣♣≈t.≈≈§♣
≈..≈≈≈.♣☼.≈≈≈.♣
≈≈≈≈≈≈≈≈≈....≈♣ ∆
≈≈≈≈≈≈≈.≈♣♣♣♣♣♣ ∆
≈≈≈≈≈≈≈≈≈≈.
≈..≈≈≈≈≈≈≈..≈
♣.≈≈≈)≈≈≈.w≈.♣
♣≈≈≈...≈≈.≈≈.≈♣


You could see an alligator (strong, swift, very poisoned), a five-headed hydra,
a swamp dragon and a swamp worm (very poisoned).

Vanquished Creatures
  2 thorn hunters
  Donald (Swamp:2)
  A fire giant (D:13)
  2 nagarajas (Snake:3)
  Roxanne (Swamp:1)
  A frost giant (D:15)
  Snorg (Lair:3)
  Josephine (Orc:1)
  A fire dragon (Volcano)
  4 vault guards (D:13)
  10 hydras
  6 naga warriors
  A ghost crab (Swamp:2)
  3 catoblepae (Lair:6)
  5 alligators
  8 anacondas
  A shambling mangrove (Swamp:2)
  3 two-headed ogres
  6 death yaks
  3 centaur warriors (D:15)
  A queen ant (shapeshifter) (D:13)
  5 shock serpents
  2 naga sharpshooters (Snake:1)
  Sonja (Orc:1)
  Urug (Lair:2)
  4 unseen horrors
  3 spriggan druids
  4 swamp dragons
  3 naga ritualists
  2 deep elf magi
  9 orc knights
  A cyclops (Orc:1)
  2 orc sorcerers (Orc:1)
  4 mana vipers
  6 slime creatures
  4 manticores
  8 ugly things
  3 salamanders
  3 centaur zombies
  An elephant (Lair:3)
  3 naga magi
  A guardian serpent (Snake:1)
  13 spiny frogs
  23 black mambas
  3 orange demons (D:10)
  2 gargoyles
  2 torpor snails
  A rime drake (shapeshifter) (D:14)
  A kobold demonologist (D:13)
  2 rime drakes
  5 komodo dragons
  A yaktaur (D:15)
  2 ice devils (Lair:3)
  A polar bear (Lair:6)
  4 red devils (D:10)
  2 meliai (D:13)
  A queen bee (D:13)
  11 hornets
  8 trolls
  4 tyrant leeches
  6 bog bodies
  23 blink frogs
  A blink frog (shapeshifter) (D:15)
  5 hippogriffs
  Sigmund (D:3)
  4 shadows
  4 spriggans
  2 wraiths (Orc:1)
  3 wyverns
  5 fire bats
  Eustachio (D:6)
  43 yaks
  3 basilisks
  A steam dragon (D:10)
  A hungry ghost (D:12)
  7 vampire mosquitoes
  13 swamp worms
  7 wargs
  29 nagas
  An acid dragon (D:11)
  9 water moccasins
  7 porcupines
  48 orc warriors
  9 swamp drakes
  2 black bears
  2 eyes of draining
  11 ogres
  A phantom (D:7)
  A necrophage (Lair:4)
  9 wolves
  10 centaurs
  15 crocodiles
  5 big kobolds
  20 bullfrogs
  A gnoll sergeant (D:9)
  A wyvern zombie (D:14)
  A water moccasin zombie (D:6)
  2 wyvern skeletons
  4 scorpions
  13 killer bees (D:13)
  A wight (D:11)
  8 howler monkeys
  An electric eel (Lair:3)
  9 crimson imps
  5 hounds
  A quasit (D:9)
  3 jellies
  17 orc wizards
  2 centaur skeletons
  2 gnoll shamans
  17 orc priests
  Crazy Yiuf (D:6)
  3 bullfrog skeletons
  Jessica (D:3)
  6 iguanas
  11 worker ants
  A hound zombie (D:7)
  A hound skeleton (D:5)
  A howler monkey zombie (D:6)
  A worker ant zombie (D:9)
  26 gnolls
  9 adders
  10 river rats (D:5)
  3 shadow imps
  2 adder zombies (D:5)
  3 adder skeletons
  A worm (D:5)
  2 dart slugs (D:2)
  6 leopard geckos
  153 orcs
  A ball python (D:1)
  8 giant cockroaches
  2 goblins (D:2)
  13 hobgoblins
  5 jackals
  9 quokkas
  6 bats
  10 frilled lizards
  2 jackal skeletons (D:6)
  18 kobolds
  A leopard gecko skeleton (D:8)
  20 rats
  A fungus (Lair:2)
  4 plants (Volcano)
956 creatures vanquished.

Vanquished Creatures (collateral kills)
  Rupert (Lair:6)
  Erolcha (D:9)
  8 hydras
  A shambling mangrove (Swamp:2)
  An anaconda (Snake:3)
  2 centaur warriors
  3 two-headed ogres
  5 alligators
  A death yak (Lair:6)
  6 naga sharpshooters
  An orc knight (D:10)
  2 salamanders (Volcano)
  A mana viper (Snake:1)
  An ugly thing (D:15)
  2 manticores
  9 black mambas
  Psyche (D:10)
  A centaur skeleton (D:13)
  A gargoyle (D:11)
  2 orange demons (D:10)
  6 spiny frogs
  5 naga magi
  A komodo dragon (Lair:2)
  An efreet (D:12)
  A troll (D:8)
  A meliai (D:13)
  3 tyrant leeches
  2 bog bodies
  3 hornets
  11 slime creatures
  2 blink frogs (Lair:2)
  A shadow (Swamp:4)
  3 spriggans
  2 wraiths (Orc:1)
  4 wyverns
  Grum (D:8)
  4 fire bats (Volcano)
  9 yaks
  A steam dragon (Volcano)
  5 vampire mosquitoes
  6 swamp worms
  An acid dragon (D:12)
  3 nagas
  2 wargs
  A water moccasin (Lair:2)
  A porcupine (Lair:2)
  5 orc warriors
  4 swamp drakes
  A phantom (D:4)
  6 necrophages (Lair:4)
  3 ogres
  A wolf (Lair:3)
  A centaur (D:7)
  4 crocodiles
  A big kobold (D:13)
  3 bullfrogs
  A wyvern zombie (D:13)
  A killer bee (D:13)
  2 wights (D:11)
  An electric eel (Lair:4)
  A bullfrog skeleton (D:13)
  A jelly (D:12)
  An orc priest (D:10)
  2 orc wizards
  A worker ant (D:8)
  A gnoll (D:8)
  4 orcs
  2 kobolds (D:10)
  A plant (Lair:6)
178 creatures vanquished.

Vanquished Creatures (others)
  A steam dragon (Volcano)
  A swamp drake (Swamp:4)
  2 fungi (Lair:3)
  53 plants
57 creatures vanquished.

Grand Total: 1191 creatures vanquished

Notes
Turn   | Place    | Note
-------+----------+-------------------------------------------
     0 | D:1      | gruber the Gnoll Ice Elementalist began the quest for the
                  | Orb.
     0 | D:1      | Reached XP level 1. HP: 13/13 MP: 6/6
   537 | D:1      | Reached XP level 2. HP: 19/19 MP: 5/7
   845 | D:2      | Reached skill level 5 in Spellcasting
   845 | D:2      | Reached XP level 3. HP: 17/25 MP: 4/9
   850 | D:2      | Learned a level 3 spell: Frozen Ramparts
  1010 | D:2      | Found an ancient bone altar of Kikubaaqudgha.
  1094 | D:2      | Reached skill level 1 in Invocations
  1326 | D:2      | Reached skill level 1 in Fighting
  1326 | D:2      | Reached skill level 1 in Short Blades
  1326 | D:2      | Reached skill level 1 in Long Blades
  1326 | D:2      | Reached skill level 1 in Axes
  1326 | D:2      | Reached skill level 1 in Maces & Flails
  1326 | D:2      | Reached skill level 1 in Polearms
  1326 | D:2      | Reached skill level 1 in Staves
  1326 | D:2      | Reached skill level 1 in Slings
  1326 | D:2      | Reached skill level 1 in Bows
  1326 | D:2      | Reached skill level 1 in Crossbows
  1326 | D:2      | Reached skill level 1 in Throwing
  1326 | D:2      | Reached skill level 1 in Armour
  1326 | D:2      | Reached skill level 1 in Shields
  1326 | D:2      | Reached skill level 1 in Unarmed Combat
  1326 | D:2      | Reached skill level 1 in Evocations
  1462 | D:2      | Reached XP level 4. HP: 32/32 MP: 8/11
  2403 | D:3      | Reached skill level 1 in Conjurations
  2403 | D:3      | Reached skill level 1 in Hexes
  2403 | D:3      | Reached skill level 1 in Charms
  2403 | D:3      | Reached skill level 1 in Summonings
  2403 | D:3      | Reached skill level 1 in Necromancy
  2403 | D:3      | Reached skill level 1 in Translocations
  2403 | D:3      | Reached skill level 1 in Transmutations
  2403 | D:3      | Reached skill level 1 in Fire Magic
  2403 | D:3      | Reached skill level 1 in Air Magic
  2403 | D:3      | Reached skill level 1 in Earth Magic
  2403 | D:3      | Reached skill level 1 in Poison Magic
  2428 | D:3      | Noticed Sigmund
  2438 | D:3      | Reached XP level 5. HP: 29/37 MP: 5/12
  2491 | D:3      | Killed Sigmund
  2491 | D:3      | Reached XP level 6. HP: 33/44 MP: 8/14
  2597 | D:3      | Noticed Jessica
  2599 | D:3      | Killed Jessica
  2599 | D:3      | Reached skill level 5 in Dodging
  2883 | D:4      | Noticed a phantom
  2981 | D:4      | Found a bloodstained altar of Trog.
  3192 | D:4      | Learned a level 4 spell: Hailstorm
  3197 | D:4      | Learned a level 4 spell: Summon Ice Beast
  3570 | D:4      | Found a basalt altar of Yredelemnul.
  3588 | D:4      | Killed a phantom
  3588 | D:4      | Reached XP level 7. HP: 27/50 MP: 8/15
  4021 | D:4      | Found a glowing silver altar of Zin.
  4051 | D:4      | Found a glowing golden altar of the Shining One.
  4119 | D:5      | Entered Level 5 of the Dungeon
  4290 | D:5      | Found a sacrificial altar of Ru.
  4389 | D:5      | Found a blossoming altar of Fedhas.
  4530 | D:5      | Reached skill level 5 in Stealth
  4909 | D:5      | Reached XP level 8. HP: 41/57 MP: 11/16
  5697 | D:6      | Noticed Eustachio
  5765 | D:6      | Killed Eustachio
  5891 | D:6      | Found a runed translucent door.
  5892 | D:6      | Noticed Crazy Yiuf
  5967 | D:6      | Reached XP level 9. HP: 13/65 MP: 1/18
  6742 | D:6      | Killed Crazy Yiuf
  7100 | D:7      | Found a staircase to the Ecumenical Temple.
  7136 | Temple   | Entered the Ecumenical Temple
  7226 | Temple   | Became a worshipper of Sif Muna the Loreminder
  7520 | D:7      | Found an opulent altar of Gozag.
  8232 | D:8      | Reached * piety under Sif Muna
  8429 | D:8      | Noticed a troll
  8442 | D:8      | Killed a troll
  8520 | D:8      | Found a hazy altar of Hepliaklqana.
  8528 | D:8      | Reached skill level 5 in Invocations
  8805 | D:8      | Noticed Grum
  8809 | D:8      | Reached XP level 10. HP: 61/73 MP: 4/20
  8818 | D:8      | Killed Grum
  8998 | D:9      | Noticed Erolcha
  9010 | D:9      | Killed Erolcha
  9010 | D:9      | Reached skill level 5 in Fighting
  9010 | D:9      | Reached skill level 5 in Short Blades
  9010 | D:9      | Reached skill level 5 in Long Blades
  9010 | D:9      | Reached skill level 5 in Axes
  9010 | D:9      | Reached skill level 5 in Maces & Flails
  9010 | D:9      | Reached skill level 5 in Polearms
  9010 | D:9      | Reached skill level 5 in Staves
  9010 | D:9      | Reached skill level 5 in Slings
  9010 | D:9      | Reached skill level 5 in Bows
  9010 | D:9      | Reached skill level 5 in Crossbows
  9010 | D:9      | Reached skill level 5 in Throwing
  9010 | D:9      | Reached skill level 5 in Armour
  9010 | D:9      | Reached skill level 5 in Shields
  9010 | D:9      | Reached skill level 5 in Unarmed Combat
  9010 | D:9      | Reached skill level 5 in Evocations
  9183 | D:9      | Noticed a two-headed ogre
  9190 | D:9      | Killed a two-headed ogre
  9190 | D:9      | Reached ** piety under Sif Muna
  9881 | D:9      | Found a staircase to the Orcish Mines.
  9912 | D:9      | Identified the Grimoire of Envenoming
  9918 | D:9      | Learned a level 3 spell: Mephitic Cloud
  9922 | D:9      | Learned a level 3 spell: Ignite Poison
  9927 | D:9      | Learned a level 4 spell: Olgreb's Toxic Radiance
 10016 | D:9      | Reached *** piety under Sif Muna
 10774 | D:10     | Entered Level 10 of the Dungeon
 10791 | D:10     | Noticed Psyche
 10798 | D:10     | Killed Psyche
 10900 | D:10     | Noticed an orange demon
 10900 | D:10     | Noticed an orange demon
 10902 | D:10     | Noticed an orange demon
 10916 | D:10     | Killed an orange demon
 11002 | D:10     | Killed an orange demon
 11002 | D:10     | Reached XP level 11. HP: 53/81 MP: 7/22
 11931 | D:10     | Reached **** piety under Sif Muna
 11963 | D:10     | Reached skill level 5 in Conjurations
 11963 | D:10     | Reached skill level 5 in Hexes
 11963 | D:10     | Reached skill level 5 in Charms
 11963 | D:10     | Reached skill level 5 in Summonings
 11963 | D:10     | Reached skill level 5 in Necromancy
 11963 | D:10     | Reached skill level 5 in Translocations
 11963 | D:10     | Reached skill level 5 in Transmutations
 11963 | D:10     | Reached skill level 5 in Fire Magic
 11963 | D:10     | Reached skill level 5 in Air Magic
 11963 | D:10     | Reached skill level 5 in Earth Magic
 11963 | D:10     | Reached skill level 5 in Poison Magic
 12192 | D:10     | Found a roughly hewn altar of Beogh.
 12688 | D:10     | Noticed an orc knight
 12705 | D:10     | Killed an orc knight
 14358 | D:11     | Found a staircase to the Lair.
 14533 | D:12     | Noticed a two-headed ogre
 14536 | D:12     | Killed a two-headed ogre
 14627 | D:12     | Noticed an orc knight
 14647 | D:12     | Reached ***** piety under Sif Muna
 14647 | D:12     | Received a gift from Sif Muna
 14661 | D:12     | Killed an orc knight
 14661 | D:12     | Reached XP level 12. HP: 89/89 MP: 1/24
 14846 | D:12     | Noticed Maurice
 15097 | D:12     | Found a portal to a secret trove of treasure.
 16595 | D:13     | Got a warped ring mail
 16756 | D:13     | Noticed a seven-headed hydra
 16763 | D:13     | Killed a seven-headed hydra
 16768 | D:13     | Learned a level 2 spell: Blink
 16854 | D:13     | Noticed a centaur warrior
 16860 | D:13     | Killed a centaur warrior
 17163 | D:13     | Noticed a fire giant
 17191 | D:12     | Identified the cursed +1 ring mail of the Lotus Blossom
                  | {rPois MR+ Dex+2} (You found it on level 13 of the Dungeon)
 17638 | Lair:1   | Entered Level 1 of the Lair of Beasts
 19387 | Lair:2   | Reached XP level 13. HP: 98/98 MP: 21/26
 19643 | Lair:2   | Noticed Urug
 19652 | Lair:2   | Killed Urug
 20180 | Lair:2   | Found a staircase to the Snake Pit.
 20770 | Lair:3   | Noticed Snorg
 21283 | Lair:3   | Found a staircase to the Swamp.
 21652 | Lair:3   | Killed Snorg
 21652 | Lair:3   | Reached skill level 10 in Ice Magic
 22790 | Lair:4   | Found a dark tunnel.
 22859 | Volcano  | Entered a volcano
 23344 | Volcano  | Reached skill level 10 in Spellcasting
 23352 | Volcano  | Identified Sif Muna's Disquisition on Shape Shifting and
                  | Evil Secrets (Sif Muna gifted it to you in a volcano)
 23352 | Volcano  | Received a gift from Sif Muna
 23694 | Volcano  | Reached XP level 14. HP: 106/106 MP: 12/28
 25288 | Lair:5   | Reached skill level 10 in Dodging
 25516 | Lair:5   | Got a translucent scale mail
 25517 | Lair:5   | Identified the +0 scale mail "Titan" {+Blink rElec rPois}
                  | (You found it on level 5 of the Lair of Beasts)
 25569 | Lair:5   | Found an opulent altar of Gozag.
 26017 | Lair:5   | Found a staircase to the Slime Pits.
 26477 | Lair:5   | Reached skill level 10 in Stealth
 26893 | Lair:6   | Entered Level 6 of the Lair of Beasts
 27130 | Lair:6   | Noticed Rupert
 27141 | Lair:6   | Killed Rupert
 27171 | Lair:6   | Reached skill level 10 in Invocations
 27182 | Lair:6   | Received a gift from Sif Muna
 29031 | Orc:1    | Entered Level 1 of the Orcish Mines
 29110 | Orc:1    | Noticed Josephine
 29223 | Orc:1    | Reached XP level 15. HP: 108/113 MP: 17/29
 29287 | Orc:1    | Noticed Sonja
 29350 | Orc:1    | Killed Sonja
 29450 | Orc:1    | Killed Josephine
 29682 | Orc:1    | Paralysed by an orc sorcerer for 3 turns
 29871 | Orc:2    | Entered Level 2 of the Orcish Mines
 29947 | Orc:2    | Identified Sif Muna's Disquisition on Lethal Heat (Sif Muna
                  | gifted it to you on level 2 of the Orcish Mines)
 29947 | Orc:2    | Received a gift from Sif Muna
 30134 | Orc:2    | Found a roughly hewn altar of Beogh.
 30168 | Orc:2    | Found a staircase to the Elven Halls.
 31073 | Orc:2    | Found Uffufras's Assorted Antiques.
 31073 | Orc:2    | Found Vopeasch's Jewellery Shoppe.
 31078 | Orc:2    | Bought a polished helmet for 218 gold pieces
 31078 | Orc:2    | Bought a scroll of identify for 46 gold pieces
 31080 | Orc:2    | Identified the cursed +0 helmet "Putux" {-Tele MP+9 Dex+8
                  | Stlth+} (You bought it in a shop on level 2 of the Orcish
                  | Mines)
 31128 | Orc:2    | Found Mudenob's Armour Boutique.
 31128 | Orc:2    | Found Wen Iruapp's Gadget Shoppe.
 31689 | Swamp:1  | Entered Level 1 of the Swamp
 31872 | Swamp:1  | Noticed a thorn hunter
 32700 | Swamp:1  | Learned a level 5 spell: Borgnjor's Vile Clutch
 32701 | Swamp:1  | Noticed Roxanne
 32733 | Swamp:1  | Killed a thorn hunter
 32941 | Swamp:1  | Found a runed translucent gate.
 32941 | Swamp:1  | Found a runed translucent gate.
 32943 | Swamp:1  | Found a runed translucent gate.
 32957 | Swamp:1  | Noticed Frank's ghost (adept DsGl)
 32971 | Swamp:1  | Killed Roxanne
 33032 | Swamp:1  | Identified Sif Muna's Disquisition on Summoning (Sif Muna
                  | gifted it to you on level 1 of the Swamp)
 33032 | Swamp:1  | Received a gift from Sif Muna
 33044 | Swamp:1  | Learned a level 5 spell: Bolt of Magma
 33323 | Swamp:2  | Reached skill level 10 in Fighting
 33323 | Swamp:2  | Reached skill level 10 in Short Blades
 33323 | Swamp:2  | Reached skill level 10 in Long Blades
 33323 | Swamp:2  | Reached skill level 10 in Axes
 33323 | Swamp:2  | Reached skill level 10 in Maces & Flails
 33323 | Swamp:2  | Reached skill level 10 in Polearms
 33323 | Swamp:2  | Reached skill level 10 in Staves
 33323 | Swamp:2  | Reached skill level 10 in Slings
 33323 | Swamp:2  | Reached skill level 10 in Bows
 33323 | Swamp:2  | Reached skill level 10 in Crossbows
 33323 | Swamp:2  | Reached skill level 10 in Throwing
 33323 | Swamp:2  | Reached skill level 10 in Armour
 33323 | Swamp:2  | Reached skill level 10 in Shields
 33323 | Swamp:2  | Reached skill level 10 in Unarmed Combat
 33323 | Swamp:2  | Reached skill level 10 in Evocations
 34271 | Swamp:2  | Noticed Donald
 34276 | Swamp:2  | Killed Donald
 34514 | Swamp:2  | Noticed a thorn hunter
 34546 | Swamp:2  | Killed a thorn hunter
 34647 | Swamp:2  | Found a glowing silver altar of Zin.
 36304 | Swamp:3  | Reached XP level 16. HP: 97/121 MP: 19/31
 37642 | Swamp:4  | Entered Level 4 of the Swamp
 38067 | Swamp:4  | Identified Sif Muna's Handbook of Earth and Conjuration
                  | (Sif Muna gifted it to you on level 4 of the Swamp)
 38067 | Swamp:4  | Received a gift from Sif Muna
 40035 | D:13     | Found a gate to the Vaults.
 41658 | D:15     | Entered Level 15 of the Dungeon
 42733 | D:15     | Identified Sif Muna's Volume of Evil Rites and Ice (Sif
                  | Muna gifted it to you on level 15 of the Dungeon)
 42733 | D:15     | Received a gift from Sif Muna
 43294 | D:15     | Found a staircase to the Depths.
 43557 | D:15     | Reached XP level 17. HP: 123/130 MP: 33/33
 43902 | Snake:1  | Entered Level 1 of the Snake Pit
 44666 | Snake:1  | You fall into a shaft and drop 1 floor!
 46466 | Snake:1  | You fall into a shaft and drop 1 floor!
 47610 | Snake:1  | Got a warped helmet
 47611 | Snake:1  | Identified the +0 helmet "Dumedgh" {rPois Str+3 Int+2 SInv}
                  | (You found it on level 1 of the Snake Pit)
 49404 | Snake:3  | Found Xentow's Gadget Boutique.
 49405 | Snake:3  | Found Oriset's Jewellery Shoppe.
 49405 | Snake:3  | Found Foine's Jewellery Shoppe.
 49516 | Snake:3  | Bought a +6 ring of intelligence for 877 gold pieces
 50291 | Snake:4  | Entered Level 4 of the Snake Pit
 50513 | Swamp:4  | Identified Sif Muna's Guide on Dislocation and the Escort
                  | (Sif Muna gifted it to you on level 4 of the Swamp)
 50513 | Swamp:4  | Received a gift from Sif Muna
 50577 | Swamp:4  | Demolished by an alligator

Illustrated notes

Levels and vault maps discovered:
D:1:      mrwooster_arrival_statue_2, layout_loops_ring, minmay_misc_feat_tiny,
          minivault_27
D:2:      layout_rooms, old_standard_altar
D:3:      layout_loops_cross, uniq_jessica, uniq_sigmund
D:4:      layout_loops_ring, nicolae_overflow_crystal_walls,
          kennysheep_little_box, lemuel_round_altar, tso_altar, first_ration,
          serial_bayou, serial_bayou_shore_b, serial_bayou_ford_a,
          serial_bayou_pond_d, serial_bayou_crossing
D:5:      lemuel_ratsnest, layout_basic, nicolae_ru_the_path_less_chosen,
          basic_altar
D:6:      layout_rooms, chequers_serial_rivers_micro_b, uniq_eustachio,
          uniq_crazy_yiuf_cottage
D:7:      layout_loops_ring, kennysheep_mini, minmay_temple_entry_fiery
D:8:      layout_basic, old_standard_altar, blue_anna_alchemist
          [blue_anna_fruit_fields, blue_anna_fruit_fields], uniq_grum
D:9:      layout_stronghold, hiddenorc1_lemuel, uniq_erolcha
D:10:     cheibrodos_orc_bank, layout_rooms, special_room [special_room_orc],
          minmay_beelzebubs_servants, uniq_psyche
D:11:     layout_basic, david_lair_shrubbed
D:12:     layout_roguey [special_room_orc], nicolae_trove_entry_columns,
          kennysheep_generic_room_8, uniq_maurice
D:13:     minmay_firetagon, layout_rooms, lightli_vaults_fourway_checkpoint,
          minivault_7
D:14:     layout_roguey, chequers_serial_rivers_marsh, kennysheep_generic_room_7
D:15:     grunt_enter_depths_snipers, layout_irregular_city,
          minmay_crystal_water
Temple:   jpeg_temple_clearing
Lair:1:   layout_cave_pods
Lair:2:   layout_loops_ring, minmay_snake_entry_guardpost_large, uniq_urug
Lair:3:   layout_roguey, minmay_swamp_entry_worms,
          portal_ice_cave_demonic_guard, gauntlet_entry_generic,
          minmay_shattered_shrine, infiniplex_staircase_pool, uniq_snorg
Lair:4:   layout_long_grid, nicolae_volcano_entry_s_turn, roderic_carrion_pond,
          serial_bayou_shore_a
Lair:5:   layout_hall_layers, dpeg_slime_entry_corner, basic_altar,
          chequers_serial_rivers_large_b
Lair:6:   evilmike_catoblepas_cave, layout_hall_layers, uniq_rupert
Swamp:1:  layout_falls_marsh, gammafunk_ghost_hydra_chop,
          nicolae_swamp_trees_clearing, uniq_roxanne
Swamp:2:  layout_basic_swamp, basic_altar, infiniplex_staircase_pool_2,
          uniq_donald
Swamp:3:  layout_basic_swamp, hangedman_swamp_pad
Swamp:4:  swamp_alternative, layout_basic_swamp
Snake:1:  layout_onion, serial_bayou_pond_c, hangedman_corner_corridor,
          lemuel_fruit_tree
Snake:2:  layout_rooms
Snake:3:  layout_onion_interference, minmay_shop_grove
Snake:4:  snake_hunt, layout_chambers, grunt_megastairs_4
Orc:1:    layout_diamond_mine, uniq_sonja, uniq_josephine
Orc:2:    st_orc_town, layout_caves

Skill      XL: |  1  2  3  4  5  6  7  8  9 10 11 12 13 14 15 16 17 |
---------------+----------------------------------------------------+-----
Spellcasting   | 5 6 7 8 9 10 11 12 | 12.5
Invocations    | 1 2 3 4 5 6 7 8 9 10 11 12 | 12.5
Fighting       | 1 2 3 4 5 6 7 8 9 10 11 | 11.6
Short Blades   | 1 2 3 4 5 6 7 8 9 10 11 | 11.6
Long Blades    | 1 2 3 4 5 6 7 8 9 10 11 | 11.6
Axes           | 1 2 3 4 5 6 7 8 9 10 11 | 11.6
Maces & Flails | 1 2 3 4 5 6 7 8 9 10 11 | 11.6
Polearms       | 1 2 3 4 5 6 7 8 9 10 11 | 11.6
Staves         | 1 2 3 4 5 6 7 8 9 10 11 | 11.6
Slings         | 1 2 3 4 5 6 7 8 9 10 11 | 11.6
Bows           | 1 2 3 4 5 6 7 8 9 10 11 | 11.6
Crossbows      | 1 2 3 4 5 6 7 8 9 10 11 | 11.6
Throwing       | 1 2 3 4 5 6 7 8 9 10 11 | 11.6
Armour         | 1 2 3 4 5 6 7 8 9 10 11 | 11.6
Shields        | 1 2 3 4 5 6 7 8 9 10 11 | 11.6
Unarmed Combat | 1 2 3 4 5 6 7 8 9 10 11 | 11.6
Evocations     | 1 2 3 4 5 6 7 8 9 10 11 | 11.6
Conjurations   | 1 2 3 4 5 6 7 8 9 |  9.9
Hexes          | 1 2 3 4 5 6 7 8 9 |  9.9
Charms         | 1 2 3 4 5 6 7 8 9 |  9.9
Summonings     | 1 2 3 4 5 6 7 8 9 |  9.9
Necromancy     | 1 2 3 4 5 6 7 8 9 |  9.9
Translocations | 1 2 3 4 5 6 7 8 9 |  9.9
Transmutations | 1 2 3 4 5 6 7 8 9 |  9.9
Fire Magic     | 1 2 3 4 5 6 7 8 9 |  9.9
Air Magic      | 1 2 3 4 5 6 7 8 9 |  9.9
Earth Magic    | 1 2 3 4 5 6 7 8 9 |  9.9
Poison Magic   | 1 2 3 4 5 6 7 8 9 |  9.9
Dodging        | 5 6 7 8 9 10 11 12 | 12.3
Stealth        | 5 6 7 8 9 10 11 12 | 12.2
Ice Magic      | 8 9 10 11 | 11.9

Action                   |  1- 3 |  4- 6 |  7- 9 | 10-12 | 13-15 | 16-18 || total
-------------------------+-------+-------+-------+-------+-------+-------++-------
Melee: Unarmed           |    18 |    22 |       |       |       |       ||    40
       Short sword       |     2 |       |    82 |   181 |       |       ||   265
       Bite              |     1 |     4 |    28 |    29 |    47 |    43 ||   152
       War axe           |       |    12 |   124 |       |       |       ||   136
       Punch             |       |       |     4 |     7 |     6 |       ||    17
       Trident           |       |       |       |    54 |       |       ||    54
       Staff             |       |       |       |    40 |    29 |       ||    69
       Scimitar          |       |       |       |       |     3 |       ||     3
       Demon blade       |       |       |       |       |   310 |   114 ||   424
       Great mace        |       |       |       |       |       |   258 ||   258
Throw: Dart              |       |       |     2 |       |       |       ||     2
 Cast: Freeze            |    18 |     4 |     2 |    11 |    32 |    17 ||    84
       Frozen Ramparts   |     7 |    34 |    45 |    83 |    86 |    61 ||   316
       Summon Ice Beast  |       |     2 |    15 |   110 |   190 |   132 ||   449
       Hailstorm         |       |       |     4 |    53 |    77 |    50 ||   184
       Ignite Poison     |       |       |       |       |    69 |    14 ||    83
       Olgreb's Toxic Ra |       |       |       |       |    80 |    14 ||    94
       Blink             |       |       |       |       |     5 |     3 ||     8
       Mephitic Cloud    |       |       |       |       |    10 |     2 ||    12
       Borgnjor's Vile C |       |       |       |       |    16 |    24 ||    40
       Bolt of Magma     |       |       |       |       |    13 |     2 ||    15
Invok: Channel Magic     |       |       |       |     1 |     9 |     1 ||    11
Evoke: Wand              |       |       |       |       |     7 |       ||     7
  Use: Scroll            |       |       |     2 |     2 |    13 |     9 ||    26
       Potion            |       |       |       |       |       |     1 ||     1
 Stab: Sleeping          |     2 |       |     7 |     9 |     3 |     8 ||    29
       Distracted        |       |       |       |     8 |     4 |     9 ||    21
       Confused          |       |       |       |       |     1 |       ||     1
  Eat: Chunk             |     2 |     8 |    17 |    34 |    40 |    23 ||   124
       Ration            |       |       |     1 |     3 |     8 |     7 ||    19
Armor: Robe              |     4 |     7 |    35 |     8 |       |       ||    54
       Steam dragon scal |       |       |       |    45 |    14 |       ||    59
       Troll leather arm |       |       |       |       |    58 |       ||    58
       Ring mail         |       |       |       |       |    17 |   153 ||   170
Dodge: Dodged            |    19 |    34 |   179 |   244 |   389 |   528 ||  1393
       Repelled          |       |       |       |       |     4 |    33 ||    37
Block: Buckler           |       |       |       |       |    80 |    35 ||   115
       Rpst.: Demon blade |       |       |       |       |    69 |    19 ||    88
